AoeStats
← LE | Dia franptom

Glade

510866222Analyzed
1v1 RM · 16h ago on Oct 2, 2026· 26m 0s· 2 players
Game mode
Random Map
Map size
Tiny (2 player)
Population
200
Speed
Normal
Resources
Standard
Victory
Conquest
Starting age
Dark Age
Ending age
Imperial Age
RankedLock teamsTeams togetherTeam positionsShared explorationLock speedFull tech treeHidden civsTurbo modeCheats
Victory
Defeat
🇨🇳 Danes · China
2139
+6
🇵🇪 Danes · Peru
1877
-6
老愛國
9:03 Loom
10:49 Feudal Age
11:54 Double-Bit Axe
12:03 Gold Mining
17:42 Castle Age
15:50 Fletching
16:33 Horse Collar
18:29 Bodkin Arrow
18:59 Bow Saw
22:24 Stone Mining
25:04 Wheelbarrow
24:18 Town Watch
LE | Dia franptom
6:21 Loom
9:20 Feudal Age
9:31 Man-at-Arms
10:50 Arson
11:36 Double-Bit Axe
11:32 Horse Collar
20:19 Castle Age
18:43 Scale Mail Armor
19:36 Forging
20:31 Long Swordsman
21:03 Gambesons
21:36 Pikeman
26:15 Chain Mail Armor
Connection lost

Rejoining the realm…

Still unreachable

The connection could not be restored.

Session expired

The server has moved on; the page needs a fresh start.